 Dungeon Crawl Stone Soup version 0.31.0-32-g396128a36d (webtiles) character file.

Game seed: 13477456711793140888

46 Fractals the Shooter (level 3, -3/23 HPs)
             Began as a Kobold Hunter on Apr 4, 2024.
             Slain by Sigmund
             ... wielding a +0 scythe
              (5 damage)
             ... on level 2 of the Dungeon.
             The game lasted 00:02:43 (1953 turns).

Fractals the Shooter (Kobold Hunter)                Turns: 1953, Time: 00:02:43

Health: -3/23      AC:  5    Str: 10    XL:     3   Next: 92%
Magic:  3/3        EV: 13    Int: 10    God:
Gold:   84         SH:  0    Dex: 18    Spells: 2/2 levels left

rFire   . . .        a - +0 shortbow
rCold   . . .        (shield currently unavailable)
rNeg    . . .        d - +0 ring mail
rPois   .            (no helmet)
rElec   .            (no cloak)
rCorr   +            (no gloves)
SInv    .            (no boots)
Will    .....        (no amulet)
Stlth   +++          g - ring of resist corrosion
HPRegen 0.23/turn    (no ring)
MPRegen 0.08/turn

%: no passive effects
@: no status effects
A: small, no large weapons, nightstalker 3
a: no special abilities


You were on level 2 of the Dungeon.
You visited 1 branch of the dungeon, and saw 2 of its levels.

You collected 84 gold pieces.

Inventory:

Hand Weapons
 a - a +0 shortbow (weapon)
 c - a +0 dagger of holy wrath
Armour
 d - a +0 ring mail (worn)
Jewellery
 g - a ring of resist corrosion (left hand)
Scrolls
 b - a scroll of butterflies
 f - 2 scrolls of teleportation
 k - a scroll of immolation {unknown}
 l - a scroll of amnesia {unknown}
 m - 2 scrolls of identify {unknown}
 n - a scroll of poison {unknown}
Potions
 e - a potion of degeneration {unknown}
 h - a potion of attraction {unknown}
 i - a potion of heal wounds {unknown}
 j - 3 potions of curing {unknown}


   Skills:
 - Level 3.0 Fighting
 + Level 5.9 Ranged Weapons
 - Level 2.4 Dodging
 + Level 3.1 Stealth


You had 2 spell levels left.
You didn't know any spells.
Your spell library contained the following spells:

 Spells                   Type           Power      Damage    Failure   Level
 Magic Dart               Conj           0%         1d3       69%         1
 Blink                    Tloc           0%         N/A       83%         2
 Call Imp                 Summ           0%         N/A       83%         2
 Lesser Beckoning         Tloc           0%         N/A       83%         2
 Gell's Gravitas          Tloc           0%         N/A       96%         3
 Teleport Other           Tloc           0%         N/A       96%         3


Dungeon Overview and Level Annotations

Branches:
Dungeon (2/15)

Altars:

Annotations:
D:2 Sigmund


Innate Abilities, Weirdness & Mutations

You are small and have problems with some larger weapons.
You are completely attuned to the shadows.


Message History

There is a large open door here.
n - a scroll labelled IZUBEDUDUN Sigmund the Dreaded comes into view.
He is wielding a +0 scythe.
You shoot an arrow.
The arrow hits Sigmund but does no damage.
Sigmund shouts!
You shoot an arrow. The arrow closely misses Sigmund.
You shoot an arrow. The arrow hits Sigmund!
Sigmund is moderately wounded.
Sigmund hits you but does no damage.
You shoot an arrow. The arrow hits Sigmund.
Sigmund is heavily wounded.
Sigmund barely misses you.
You shoot an arrow. The arrow hits Sigmund.
Sigmund is severely wounded.
Sigmund hits you from afar with a +0 scythe.
You shoot an arrow. The arrow hits Sigmund.
Sigmund is severely wounded.
Sigmund hits you from afar with a +0 scythe.
You shoot an arrow. The arrow closely misses Sigmund.
Sigmund barely misses you.
You shoot an arrow. The arrow barely misses Sigmund.
You shoot an arrow. The arrow closely misses Sigmund.
Sigmund casts a spell at you.
You are confused.
Sigmund hits you but does no damage.
Unknown command.
Sigmund points at you and mumbles some strange words.
The puff of flame hits you!
Ouch! That really hurt!
* * * LOW HITPOINT WARNING * * *
Sigmund completely misses you.
You bump into the metal wall.
Sigmund hits you with a +0 scythe.
* * * LOW HITPOINT WARNING * * *
You bump into the metal wall.
You feel less confused.
You shoot an arrow. The arrow closely misses Sigmund.
Sigmund hits you with a +0 scythe.
You die...
Sigmund begins carving another notch in his scythe.

..#.#..###..#.##.#####.#
...................# #.#
....#..#....######## #.#
..#.#..#...##........###
###.#..#..##.........
....#....##..........
....#...##...........
.......##........@...
###....#........@....
......(#......######.
.......#......#
###.##.'......#
#......'......#
###.##.#......#
...<...#......#
.......#.......
###.##.##


You could see Sigmund.

Vanquished Creatures
  A dart slug (D:1)
  3 endoplasms
  2 giant cockroaches
  A goblin (D:1)
  7 hobgoblins
  7 kobolds
  4 quokkas
  2 ball pythons (D:1)
  4 bats
  4 frilled lizards
  5 rats
40 creatures vanquished.

Notes
Turn   | Place    | Note
-------+----------+-------------------------------------------
     0 | D:1      | Fractals the Kobold Hunter began the quest for the Orb.
     0 | D:1      | Reached XP level 1. HP: 12/12 MP: 1/1
   234 | D:1      | Reached XP level 2. HP: 18/18 MP: 2/2
   521 | D:1      | Reached XP level 3. HP: 22/22 MP: 3/3
  1191 | D:2      | Found a faded altar of an unknown god.
  1938 | D:2      | Noticed Sigmund
  1953 | D:2      | Slain by Sigmund

Illustrated notes

Levels and vault maps discovered:
D:1:      psy_arrival_terrarium, layout_basic, reono_crystal_passage,
          minmay_misc_feat_encased, roderic_lattice_a
D:2:      layout_basic, ebering_ecumenical_altar_webs, serial_rivers,
          chequers_serial_rivers_large_b, chequers_serial_rivers_micro_d,
          chequers_serial_rivers_micro_a, chequers_serial_rivers_small_b,
          chequers_serial_rivers_large_a, hex_tiny, kennysheep_big_empty_room,
          uniq_sigmund

Skill      XL: |  1  2  3 |
---------------+----------+-----
Stealth        | 2 3 |  3.1
Fighting       | 3 |  3.0
Ranged Weapons | |  5.9
Dodging        | |  2.4

Action                     || total
---------------------------++-------
   Fire: Shortbow          ||   104
    Use: Scroll            ||     1
 Armour: Ring mail         ||    34
  Dodge: Dodged            ||    46
